 Dungeon Crawl Stone Soup version 0.31-a0-187-gba352fbbf7 (webtiles) character file.

Game seed: 7056441920943106350

1715 qw the Skirmisher (level 8, 0/46 HPs)
             Began as a Deep Elf Hunter on June 22, 2023.
             Was an Initiate of Okawaru.
             Killed from afar by an orc wizard (4 damage)
             ... with a magic dart
             ... on level 7 of the Dungeon.
             The game lasted 00:02:21 (5681 turns).

qw the Skirmisher (Deep Elf Hunter)                 Turns: 5681, Time: 00:02:22

Health: 0/46       AC: 14    Str: 10    XL:     8   Next: 74%
Magic:  7/10       EV: 15    Int: 15    God:    Okawaru [......]
Gold:   291        SH:  0    Dex: 18    Spells: 7/7 levels left

rFire   . . .        Y - +0 orcbow
rCold   . . .        (shield currently unavailable)
rNeg    . . .        o - +0 ring mail
rPois   .            g - +0 helmet
rElec   .            l - +0 cloak
rCorr   .            (no gloves)
SInv    .            b - +0 pair of boots
Will    .....        (no amulet)
Stlth   +++          k - +4 ring of protection
HPRegen 0.27/turn    (no ring)
MPRegen 0.12/turn

%: no passive effects
@: lethally poisoned (0 -> -9), heroic
A: no striking features
a: Renounce Religion


You were on level 7 of the Dungeon.
You worshipped Okawaru.
Okawaru was noncommittal.
You visited 2 branches of the dungeon, and saw 8 of its levels.

You collected 327 gold pieces.
You spent 36 gold pieces at shops.


   Skills:
 - Level 3.4(8.4) Fighting
 + Level 13.5(18.5) Ranged Weapons
 - Level 1.9(6.9) Armour
 - Level 4.4(9.4) Dodging
 - Level 1.2(6.2) Stealth


You had 7 spell levels left.
You didn't know any spells.
Your spell library was empty.

Inventory:

Hand Weapons
 Y - a +0 orcbow (weapon)
Armour
 b - a +0 pair of boots (worn)
 g - a +0 helmet (worn)
 l - a +0 cloak (worn)
 o - a +0 ring mail (worn)
Jewellery
 f - an amulet of reflection
 k - a +4 ring of protection (left hand)
Scrolls
 i - 3 scrolls of identify
Potions
 a - 2 potions of enlightenment
 c - a potion of might {unknown}
 d - 2 potions of haste
 e - 2 potions of mutation
 j - a potion of cancellation {unknown}
 m - a potion of ambrosia {unknown}
 q - 2 potions of attraction {unknown}

Dungeon Overview and Level Annotations

Branches:
Dungeon (7/15)             Temple (1/1) D:5

Altars:
Ashenzari
Cheibriados
Dithmenos
Elyvilon
Fedhas
Gozag
Hepliaklqana
Kikubaaqudgha
Makhleb
Nemelex Xobeh
Okawaru
Qazlal
Ru
Sif Muna
Trog
Uskayaw
Vehumet
Wu Jian
Xom
Yredelemnul
Zin
The Shining One

Shops:
D:2 *

Portals:
Abyss: D:5

Annotations:
D:4 3 runed translucent doors, qw's ghost, amateur GrHu
D:5 2 transporters, qw's ghost, novice GrFi
D:7 1 runed translucent door, qw's ghost, novice DEHu


Message History

The orc wizard is severely wounded.
The killer bee stings you but does no damage. x2
The orc wizard points at you and mumbles some strange words.
You are confused.
The killer bee stings you but does no damage.
The killer bee stings you.
5678 ||| DRINKING potion of curing.
You feel better.
5678 ||| (to cure confusion)
The killer bee stings you!
You are poisoned.
The killer bee poisons you! The killer bee completely misses you.
The orc wizard hits you but does no damage.
The killer bee stings you but does no damage.
The killer bee closely misses you.
You shoot an arrow. The arrow barely misses the orc wizard.
The arrow hits the killer bee!
The killer bee is almost dead.
You feel very sick.
The killer bee stings you but does no damage.
The killer bee closely misses you.
The orc wizard mumbles some strange words.
The orc wizard flickers and vanishes!
Deactivating autopickup; reactivate with Ctrl-A.
The killer bee stings you!
You are lethally poisoned!
The killer bee poisons you! The killer bee closely misses you.
You shoot an arrow.
The arrow closely misses the killer bee.
You feel sick. The killer bee barely misses you.
The killer bee closely misses you. Something hits you.
You shoot an arrow.
The arrow closely misses the killer bee.
You feel sick.
The killer bee stings you but does no damage.
The killer bee barely misses you. x2
The killer bee stings you but does no damage.
You hear some strange, mumbled words.
A magic dart appears from out of thin air!
The magic dart hits you.
You die...

####### . #.....#
.).
#.....#######y....
#....#....@{y#
#....#....yy.#
#....#.......#
#....#.......###
#....#####.....#
#........+.....#
#........#.....#
...
#........#.....#
....
#....##..#.....#
....


You could see 4 killer bees.

Vanquished Creatures
  3 water moccasins
  A sky beast (D:6)
  An orc warrior (D:6)
  An ice beast (D:5)
  A centaur (D:5)
  2 phantoms (D:4)
  4 scorpions
  2 killer bees (D:7)
  2 orc priests
  2 hounds (D:6)
  A jelly (D:6)
  3 sleepcaps
  Jessica (D:2)
  An iguana (D:5)
  3 orc wizards
  13 adders
  2 shadow imps
  An ufetubus (D:5)
  A worm (D:2)
  9 orcs
  10 endoplasms
  A giant cockroach (D:2)
  10 hobgoblins
  6 jackals (D:4)
  4 kobolds
  3 quokkas
  6 ball pythons
  2 bats (D:3)
  3 frilled lizards
  3 goblins
  5 rats
107 creatures vanquished.

Vanquished Creatures (collateral kills)
  2 jackals (D:4)
  A kobold (D:4)
3 creatures vanquished.

Grand Total: 110 creatures vanquished

Notes
Turn   | Place    | Note
-------+----------+-------------------------------------------
     0 | D:1      | qw the Deep Elf Hunter began the quest for the Orb.
     0 | D:1      | Reached XP level 1. HP: 12/12 MP: 3/3
     0 | D:1      | 0 ||| qw: Version: 0.3-a-9-g12657ce
     0 | D:1      | 0 ||| qw: Game counter: 2542
     0 | D:1      | 0 ||| qw: Always use a shield: true
     0 | D:1      | 0 ||| qw: God list: Okawaru
     0 | D:1      | 0 ||| qw: Allow faded altars: false
     0 | D:1      | 0 ||| qw: Do Orc after D:15 true
     0 | D:1      | 0 ||| qw: Do second Lair branch before Depths: true
     0 | D:1      | 0 ||| qw: Lair rune preference: random
     0 | D:1      | 0 ||| qw: Plans: Normal
     0 | D:1      | 0 ||| PLANNING D:1-11
   144 | D:1      | Reached skill level 6 in Ranged Weapons
   144 | D:1      | Reached XP level 2. HP: 16/16 MP: 4/4
   362 | D:1      | 362 ||| READING scroll labelled WYLEER PASTOURIECU.
   363 | D:1      | 363 ||| DRINKING 2 silvery potions.
   364 | D:1      | 364 ||| DROPPING scroll of butterflies.
   383 | D:1      | 383 ||| DRINKING 2 orange potions.
   461 | D:1      | Found a faded altar of an unknown god.
   737 | D:1      | 737 ||| UPGRADING to +0 helmet.
   742 | D:1      | 742 ||| READING scroll labelled SENTAT LINI.
   918 | D:2      | Found Qozapawk's General Store.
   921 | D:2      | 921 ||| SHOPLISTING +6 ring of dexterity (432 gold, have
                  | 88).
   921 | D:2      | 921 ||| SHOPLISTING potion of haste (120 gold, have 88).
   921 | D:2      | 921 ||| SHOPLISTING potion of mutation (96 gold, have 88).
   921 | D:2      | 921 ||| BUYING scroll of teleportation (36 gold).
   921 | D:2      | Bought a scroll of teleportation for 36 gold pieces
   952 | D:2      | Reached XP level 3. HP: 20/20 MP: 5/5
   964 | D:2      | Noticed Jessica
   970 | D:2      | Killed Jessica
   971 | D:2      | Reached skill level 7 in Ranged Weapons
  1031 | D:2      | Reached XP level 4. HP: 15/25 MP: 6/6
  1140 | D:2      | You fall into a shaft and drop 1 floor!
  1152 | D:3      | 1152 ||| UPGRADING to +0 pair of boots.
  1157 | D:3      | 1157 ||| READING 2 scrolls labelled PEM KUSTRIPAAC.
  1158 | D:3      | 1158 ||| READING scroll labelled MAGANG PAZOUS.
  1159 | D:3      | 1159 ||| DROPPING scroll of immolation.
  1199 | D:2      | 1199 ||| Stepping ~*~*~tactically~*~*~ (water).
  1483 | D:2      | 1483 ||| UPGRADING to +4 ring of protection.
  1996 | D:3      | 1996 ||| UPGRADING to +0 ring mail.
  2006 | D:3      | 2006 ||| DROPPING +0 leather armour.
  2070 | D:4      | Noticed a phantom
  2090 | D:4      | Killed a phantom
  2091 | D:4      | Reached skill level 8 in Ranged Weapons
  2091 | D:4      | Reached XP level 5. HP: 26/29 MP: 7/7
  2103 | D:4      | Found a runed translucent gate.
  2103 | D:4      | Found a runed translucent gate.
  2103 | D:4      | Found a runed translucent gate.
  2103 | D:4      | Noticed qw's ghost (amateur GrHu)
  2138 | D:4      | Noticed a phantom
  2163 | D:4      | Killed a phantom
  2164 | D:4      | Reached skill level 9 in Ranged Weapons
  2271 | D:4      | Reached XP level 6. HP: 35/35 MP: 8/8
  2555 | D:4      | Noticed a water moccasin
  2565 | D:4      | HP: 8/35 [poisoned by a water moccasin]
  2566 | D:4      | 2566 ||| READING scroll of teleportation.
  2567 | D:4      | 2567 ||| DRINKING 2 potions of heal wounds.
  2569 | D:4      | Killed a water moccasin
  2570 | D:4      | Reached skill level 1 in Armour
  2746 | D:4      | 2746 ||| READING scroll labelled HIANKU HOGHOHI.
  3029 | D:4      | 3029 ||| DRINKING 3 dark potions.
  3030 | D:4      | 3030 ||| READING 2 scrolls of identify.
  3030 | D:4      | 3030 ||| IDENTIFYING bubbling ruby potion
  3045 | D:5      | Entered Level 5 of the Dungeon
  3174 | D:5      | Noticed an ice beast
  3188 | D:5      | Killed an ice beast
  3189 | D:5      | Reached skill level 10 in Ranged Weapons
  3189 | D:5      | Reached XP level 7. HP: 15/40 MP: 9/9
  3308 | D:5      | Reached skill level 3 in Dodging
  3575 | D:5      | Reached skill level 11 in Ranged Weapons
  3651 | D:5      | HP: 2/40 [orc priest/nerve-wracking pain (12)]
  3652 | D:5      | 3652 ||| DRINKING potion of heal wounds.
  3854 | D:5      | Found a blossoming altar of Fedhas.
  3886 | D:5      | Found a staircase to the Ecumenical Temple.
  3887 | D:5      | 3887 ||| PLANNING TEMPLE
  3887 | D:5      | 3887 ||| UPGRADING to +0 cloak.
  3892 | D:5      | 3892 ||| DROPPING +6 ring of intelligence.
  3893 | D:5      | 3893 ||| READING scroll labelled FUTA LURIO.
  3894 | D:5      | 3894 ||| READING scroll labelled KUZITIGOIKI.
  3895 | D:5      | 3895 ||| READING 2 scrolls of identify.
  3895 | D:5      | 3895 ||| IDENTIFYING metallic silvery potion
  3896 | D:5      | 3896 ||| DROPPING potion of berserk rage.
  3904 | Temple   | Entered the Ecumenical Temple
  4048 | Temple   | 4048 ||| PLANNING OKAWARU WORSHIP
  4250 | Temple   | Became a worshipper of Warmaster Okawaru
  4251 | Temple   | 4251 ||| PLANNING D:1-11
  4372 | D:5      | Found a transporter.
  4380 | D:5      | Found a one-way gate to the infinite horrors of the Abyss.
  4384 | D:5      | Noticed qw's ghost (novice GrFi)
  4393 | D:5      | Noticed an ancient zyme
  4435 | D:5      | Found a transporter.
  4479 | D:5      | Found a bloodstained altar of Trog.
  4635 | D:5      | Reached skill level 12 in Ranged Weapons
  4664 | D:5      | 4664 ||| DRINKING 2 viscous pink potions.
  4710 | D:6      | Reached XP level 8. HP: 45/45 MP: 10/10
  4729 | D:6      | Reached skill level 3 in Fighting
  4993 | D:6      | 4993 ||| SWAPPING to +0 orcbow.
  4994 | D:6      | 4994 ||| DROPPING +0 shortbow of chaos.
  5321 | D:6      | Reached skill level 13 in Ranged Weapons
  5324 | D:6      | 5324 ||| READING scroll labelled GANEIS RUS LINN.
  5326 | D:6      | 5326 ||| Stepping ~*~*~tactically~*~*~ (cloud).
  5460 | D:7      | Noticed qw's ghost (novice DEHu)
  5460 | D:7      | Noticed a +2 rapier of chaos
  5460 | D:7      | Found a runed translucent door.
  5460 | D:7      | Found a shimmering altar of Xom.
  5651 | D:7      | Reached * piety under Okawaru
  5663 | D:7      | 5663 ||| INVOKING Heroism.
  5676 | D:7      | 5676 ||| INVOKING Heroism.
  5678 | D:7      | 5678 ||| DRINKING potion of curing.
  5678 | D:7      | 5678 ||| (to cure confusion)
  5680 | D:7      | HP: 10/46 [poisoned by a killer bee]
  5681 | D:7      | HP: 4/46 [poisoned by a killer bee]
  5681 | D:7      | Killed from afar by an orc wizard

Levels and vault maps discovered:
D:1:      nzn_arrival_crosshair, layout_loops_ring,
          ebering_ecumenical_altar_mist, nicolae_the_louvre
D:2:      layout_basic, serial_shops, nicolae_shop_behind_doors,
          nicolae_concentric_dashed_squares_wild, kennysheep_another_room,
          serial_bayou_pond_c, uniq_jessica
D:3:      layout_loops_ring, corexii_corridor_pit, minmay_tree_intersection
D:4:      layout_gridville, biasface_ghost_orc_armoury
D:5:      layout_cave_pods, fedhas_bush_and_centaur_altar,
          trog_three_pillars_becter, temple_statues,
          gammafunk_ghost_abyssal_escape, nicolae_half_adder
D:6:      layout_gridville
D:7:      layout_gridville, ebering_ghost_xom
Temple:   mainiacjoe_temple_cubbyholes

Skill      XL: |  1  2  3  4  5  6  7  8 |
---------------+-------------------------+-----
Ranged Weapons | 6 7 8 9 10 12 13 | 13.5
Fighting       | 2 3 |  3.4
Armour         | 1 |  1.9
Dodging        | 3 4 |  4.4
Stealth        | |  1.2

Action                     |  1- 3 |  4- 6 |  7- 9 || total
---------------------------+-------+-------+-------++-------
   Fire: Shortbow          |    68 |   222 |   170 ||   460
         Orcbow            |       |       |    75 ||    75
 Invoke: Heroism           |       |       |     2 ||     2
    Use: Scroll            |     2 |     5 |     4 ||    11
         Potion            |     2 |     2 |     3 ||     7
 Armour: Leather armour    |     1 |     3 |       ||     4
         Ring mail         |       |    63 |    99 ||   162
  Dodge: Dodged            |     9 |    67 |    97 ||   173

Table legend:
 A = Non-vault XP
 B = Vault XP
 C = Vault XP percentage of total XP
 D = Non-vault monster count
 E = Vault monster count
 F = Vault count percentage of total count
                 A         B        C        D         E       F
            +---------+---------+-------+---------+---------+-------
      Total |    2238 |     212 |   8.7 |     103 |       7 |   6.4
            +---------+---------+-------+---------+---------+-------
        D:1 |      29 |       0 |   0.0 |      18 |       0 |   0.0
        D:2 |      59 |      37 |  38.5 |      19 |       1 |   5.0
        D:3 |       8 |       0 |   0.0 |       6 |       0 |   0.0
        D:4 |     512 |       0 |   0.0 |      27 |       0 |   0.0
        D:5 |     562 |     175 |  23.7 |      12 |       6 |  33.3
        D:6 |     892 |       0 |   0.0 |      16 |       0 |   0.0
        D:7 |     176 |       0 |   0.0 |       5 |       0 |   0.0
            +---------+---------+-------+---------+---------+-------
